General information
			
			
        
        - name: BNet
 
        - type: Ladder team game (AT/RT)
 
        - host: Battle.net
 
        - saver: Mata.
 
        
map: Friends 
        - players: 8
 
        - length: 109:57
 
        - speed: Fast
 - version: 1.22 W3XP
 - replay type:  

 
» download(906 KB)
Players
        team 1 (winner) 
              
              
iggy_the_fisk (
purple | 95 APM | 10437 actions | 109:56)
              
 7 Mountain King 
 3 Storm Bolt
 3 Bash
 1 Avatar
 8 Paladin 
 3 Holy Light
 3 Divine Shield
 2 Devotion Aura
 7 Blood Mage 
 3 Banish
 3 Flame Strike
 1 Summon Phoenix
 1 Pit Lord 
 1 Cleaving Attack
 
                » actions 
                
                | Assign group hotkey | 316 |  | 
| Basic commands | 100 |  | 
| Build / train | 298 |  | 
| Enter build submenu | 214 |  | 
| Enter hero's abilities submenu | 24 |  | 
| Give item / drop item | 13 |  | 
| Right click | 4441 |  | 
| Select / deselect | 1282 |  | 
| Select group hotkey | 2646 |  | 
| Use ability | 1103 |  | 
                10437 total
 » units 
                
                | Peasant | 42 |  | 
| Priest | 1 |  | 
| Sorceress | 1 |  | 
| Goblin Zeppelin | 1 |  | 
| Flying Machine | 12 |  | 
                57 total
 » upgrades
                
                | Masonry | 3 |  | 
| Lumber Harvesting | 2 |  | 
| Magic Sentry | 1 |  | 
| Backpack | 1 |  | 
| Sorceress Training | 2 |  | 
| Priest Training | 2 |  | 
| Control Magic | 1 |  | 
| Gunpowder | 2 |  | 
| Plating | 2 |  | 
| Flak Cannons | 1 |  | 
| Flying Machine Bombs | 1 |  | 
                18 total
 » buildings
                
                | Altar of Kings | 2 |  | 
| Lumber Mill | 4 |  | 
| Farm | 14 |  | 
| Scout Tower | 301 |  | 
| Arcane Tower | 6 |  | 
| Guard Tower | 125 |  | 
| Keep | 2 |  | 
| Arcane Vault | 6 |  | 
| Castle | 2 |  | 
| Arcane Sanctum | 1 |  | 
| Town Hall | 4 |  | 
| Blacksmith | 1 |  | 
| Workshop | 2 |  | 
                470 total
 » build order
                00:06 Altar of Kings
00:22 Lumber Mill
00:36 Farm
00:52 Farm
01:12 Scout Tower
01:35 Scout Tower
01:44 Arcane Tower
01:59 Scout Tower
02:14 Arcane Tower
02:21 Scout Tower
02:29 Farm
02:48 Guard Tower
02:50 Scout Tower
02:59 Guard Tower
03:00 Scout Tower
03:08 Scout Tower
03:29 Guard Tower
03:31 Scout Tower
03:40 Scout Tower
04:02 Guard Tower
04:06 Guard Tower
04:30 Scout Tower
04:40 Guard Tower
04:41 Guard Tower
04:41 Guard Tower
04:41 Guard Tower
04:44 Scout Tower
04:47 Scout Tower
05:02 Guard Tower
05:06 Scout Tower
05:24 Guard Tower
05:27 Scout Tower
05:29 Scout Tower
06:04 Keep
06:15 Guard Tower
06:16 Scout Tower
06:19 Scout Tower
06:22 Scout Tower
06:23 Scout Tower
06:23 Scout Tower
06:33 Guard Tower
07:25 Guard Tower
07:26 Arcane Vault
07:32 Lumber Mill
07:35 Scout Tower
07:36 Scout Tower
07:44 Guard Tower
07:45 Scout Tower
07:49 Farm
07:50 Farm
08:24 Guard Tower
08:26 Scout Tower
08:26 Scout Tower
08:37 Farm
08:38 Scout Tower
09:27 Scout Tower
10:16 Castle
10:28 Guard Tower
10:29 Scout Tower
10:39 Guard Tower
10:39 Guard Tower
10:39 Guard Tower
10:40 Guard Tower
10:43 Scout Tower
11:04 Arcane Tower
11:24 Guard Tower
11:26 Scout Tower
11:49 Arcane Sanctum
12:03 Guard Tower
12:06 Scout Tower
12:59 Guard Tower
13:00 Scout Tower
13:10 Arcane Vault
13:18 Scout Tower
13:54 Guard Tower
13:55 Scout Tower
13:57 Scout Tower
14:49 Scout Tower
14:51 Scout Tower
14:53 Scout Tower
14:55 Scout Tower
14:56 Guard Tower
15:31 Scout Tower
15:33 Guard Tower
16:45 Town Hall
16:54 Scout Tower
16:55 Guard Tower
16:58 Scout Tower
16:58 Scout Tower
17:01 Scout Tower
17:04 Scout Tower
17:05 Scout Tower
17:07 Scout Tower
17:07 Scout Tower
17:08 Scout Tower
17:18 Arcane Vault
17:48 Guard Tower
17:53 Scout Tower
17:57 Guard Tower
18:01 Guard Tower
18:01 Guard Tower
18:01 Guard Tower
18:04 Arcane Tower
18:04 Arcane Tower
18:04 Arcane Tower
18:06 Scout Tower
18:22 Guard Tower
18:24 Arcane Vault
18:27 Scout Tower
18:27 Scout Tower
19:41 Scout Tower
19:42 Scout Tower
19:44 Guard Tower
19:45 Scout Tower
20:01 Guard Tower
20:02 Scout Tower
20:03 Scout Tower
20:04 Scout Tower
20:06 Guard Tower
20:08 Scout Tower
20:26 Guard Tower
21:20 Guard Tower
21:21 Scout Tower
21:38 Guard Tower
21:39 Scout Tower
21:40 Scout Tower
21:42 Guard Tower
21:45 Scout Tower
22:08 Guard Tower
22:09 Scout Tower
25:51 Guard Tower
25:52 Scout Tower
26:22 Guard Tower
26:23 Scout Tower
26:54 Guard Tower
26:55 Scout Tower
27:00 Guard Tower
27:03 Scout Tower
27:48 Guard Tower
27:49 Scout Tower
27:51 Guard Tower
27:52 Scout Tower
27:53 Scout Tower
28:42 Guard Tower
28:48 Guard Tower
28:49 Scout Tower
28:51 Scout Tower
33:36 Scout Tower
33:37 Scout Tower
33:38 Scout Tower
33:42 Scout Tower
35:27 Guard Tower
35:30 Scout Tower
36:23 Guard Tower
36:24 Scout Tower
36:28 Scout Tower
36:35 Scout Tower
37:23 Guard Tower
37:25 Scout Tower
37:27 Scout Tower
37:32 Scout Tower
37:58 Guard Tower
38:01 Scout Tower
38:46 Guard Tower
38:48 Arcane Vault
41:33 Town Hall
41:51 Scout Tower
41:53 Scout Tower
42:08 Scout Tower
42:09 Scout Tower
42:09 Scout Tower
42:10 Scout Tower
42:11 Scout Tower
42:11 Scout Tower
42:15 Scout Tower
42:16 Scout Tower
42:20 Scout Tower
42:21 Scout Tower
42:22 Scout Tower
42:22 Scout Tower
42:23 Scout Tower
42:24 Scout Tower
42:36 Scout Tower
42:37 Scout Tower
42:38 Scout Tower
42:40 Scout Tower
42:41 Scout Tower
42:42 Scout Tower
42:42 Scout Tower
42:43 Scout Tower
42:43 Scout Tower
42:45 Scout Tower
42:46 Scout Tower
42:47 Scout Tower
42:48 Scout Tower
42:48 Scout Tower
42:49 Scout Tower
42:50 Scout Tower
42:50 Scout Tower
42:51 Scout Tower
42:55 Scout Tower
42:57 Scout Tower
42:58 Scout Tower
42:58 Scout Tower
42:59 Scout Tower
43:01 Scout Tower
43:24 Guard Tower
43:40 Guard Tower
43:57 Guard Tower
44:08 Scout Tower
44:09 Scout Tower
44:10 Scout Tower
44:10 Scout Tower
44:39 Guard Tower
44:41 Guard Tower
44:47 Guard Tower
44:53 Scout Tower
44:54 Scout Tower
44:54 Scout Tower
44:56 Scout Tower
45:35 Guard Tower
45:39 Guard Tower
45:52 Guard Tower
46:03 Guard Tower
46:09 Guard Tower
46:10 Guard Tower
46:56 Guard Tower
47:04 Guard Tower
47:06 Guard Tower
47:08 Scout Tower
47:10 Scout Tower
47:11 Scout Tower
47:14 Scout Tower
47:22 Scout Tower
47:24 Scout Tower
47:24 Scout Tower
47:25 Scout Tower
47:27 Scout Tower
47:28 Scout Tower
47:29 Scout Tower
47:30 Scout Tower
47:31 Scout Tower
47:32 Scout Tower
47:33 Scout Tower
47:34 Scout Tower
47:37 Scout Tower
47:50 Guard Tower
48:03 Guard Tower
49:03 Guard Tower
49:11 Scout Tower
49:12 Scout Tower
49:13 Scout Tower
49:14 Scout Tower
49:15 Scout Tower
49:15 Scout Tower
49:16 Scout Tower
49:17 Scout Tower
49:21 Scout Tower
49:22 Scout Tower
49:23 Scout Tower
49:24 Scout Tower
49:25 Scout Tower
49:29 Scout Tower
49:30 Scout Tower
49:31 Scout Tower
49:32 Scout Tower
49:45 Guard Tower
50:36 Guard Tower
50:55 Guard Tower
50:58 Guard Tower
51:49 Guard Tower
51:52 Guard Tower
51:57 Guard Tower
52:38 Altar of Kings
52:40 Farm
52:41 Farm
52:43 Guard Tower
52:49 Arcane Vault
53:11 Guard Tower
53:13 Scout Tower
53:14 Scout Tower
53:38 Guard Tower
54:10 Guard Tower
54:17 Scout Tower
54:19 Scout Tower
54:20 Scout Tower
54:52 Guard Tower
55:08 Scout Tower
55:09 Scout Tower
55:09 Scout Tower
57:01 Guard Tower
57:13 Scout Tower
57:14 Guard Tower
57:17 Guard Tower
57:21 Scout Tower
57:22 Scout Tower
57:23 Scout Tower
57:30 Scout Tower
58:11 Guard Tower
58:16 Scout Tower
58:20 Scout Tower
58:44 Guard Tower
58:49 Scout Tower
58:49 Guard Tower
58:53 Scout Tower
58:56 Guard Tower
58:57 Scout Tower
58:59 Scout Tower
59:00 Scout Tower
59:02 Scout Tower
59:03 Scout Tower
59:03 Scout Tower
59:06 Scout Tower
59:07 Scout Tower
59:08 Scout Tower
59:09 Scout Tower
59:37 Guard Tower
59:38 Scout Tower
59:42 Scout Tower
60:12 Guard Tower
60:14 Scout Tower
62:02 Lumber Mill
63:56 Guard Tower
63:58 Farm
63:59 Farm
64:23 Guard Tower
64:54 Farm
66:31 Scout Tower
66:48 Town Hall
67:06 Guard Tower
67:26 Scout Tower
67:27 Scout Tower
67:28 Scout Tower
67:29 Scout Tower
67:30 Scout Tower
67:31 Scout Tower
67:32 Scout Tower
67:34 Scout Tower
67:37 Scout Tower
67:38 Scout Tower
67:39 Scout Tower
68:11 Scout Tower
68:11 Scout Tower
68:12 Scout Tower
68:13 Scout Tower
68:14 Scout Tower
68:14 Scout Tower
69:02 Guard Tower
70:17 Guard Tower
72:10 Guard Tower
72:12 Scout Tower
72:13 Scout Tower
72:14 Scout Tower
72:15 Scout Tower
72:16 Scout Tower
72:17 Scout Tower
72:17 Scout Tower
74:22 Guard Tower
74:31 Guard Tower
74:34 Scout Tower
74:36 Scout Tower
75:11 Guard Tower
75:56 Guard Tower
76:55 Town Hall
77:33 Scout Tower
77:33 Scout Tower
79:02 Guard Tower
79:06 Scout Tower
79:06 Scout Tower
80:03 Guard Tower
80:09 Scout Tower
80:17 Scout Tower
80:19 Scout Tower
80:20 Scout Tower
80:21 Scout Tower
81:49 Keep
82:42 Guard Tower
83:44 Guard Tower
90:23 Scout Tower
90:24 Scout Tower
90:25 Scout Tower
90:26 Scout Tower
90:27 Scout Tower
90:29 Scout Tower
90:30 Scout Tower
90:32 Scout Tower
90:33 Scout Tower
90:34 Scout Tower
90:34 Scout Tower
90:35 Scout Tower
90:38 Scout Tower
90:41 Scout Tower
90:42 Scout Tower
90:43 Scout Tower
90:44 Scout Tower
90:46 Scout Tower
90:46 Scout Tower
90:48 Scout Tower
90:48 Scout Tower
90:49 Scout Tower
92:18 Scout Tower
92:27 Guard Tower
92:38 Guard Tower
92:39 Scout Tower
92:43 Scout Tower
92:44 Scout Tower
93:56 Guard Tower
93:58 Scout Tower
94:42 Guard Tower
94:43 Scout Tower
95:13 Guard Tower
95:14 Scout Tower
95:15 Guard Tower
95:58 Lumber Mill
96:12 Farm
97:32 Scout Tower
97:33 Scout Tower
97:34 Scout Tower
97:34 Scout Tower
97:37 Scout Tower
97:38 Scout Tower
97:39 Scout Tower
97:40 Scout Tower
97:41 Scout Tower
97:42 Scout Tower
97:46 Scout Tower
97:47 Scout Tower
97:47 Scout Tower
97:48 Scout Tower
97:49 Scout Tower
97:50 Scout Tower
98:20 Guard Tower
98:23 Scout Tower
98:26 Scout Tower
98:28 Scout Tower
98:34 Scout Tower
98:35 Scout Tower
98:54 Guard Tower
98:58 Scout Tower
98:59 Guard Tower
99:04 Scout Tower
99:05 Guard Tower
99:19 Guard Tower
99:24 Scout Tower
99:25 Scout Tower
99:25 Scout Tower
99:27 Scout Tower
99:27 Scout Tower
99:28 Scout Tower
99:45 Guard Tower
99:49 Scout Tower
99:56 Guard Tower
99:57 Scout Tower
99:59 Scout Tower
100:01 Guard Tower
100:37 Guard Tower
100:37 Scout Tower
100:58 Scout Tower
100:59 Scout Tower
101:01 Guard Tower
101:04 Castle
103:46 Blacksmith
105:24 Workshop
105:31 Workshop
106:21 Guard Tower
106:25 Scout Tower
106:27 Scout Tower
106:27 Scout Tower
106:40 Farm
106:41 Farm
» items
                
                | Lesser Clarity Potion | 6 |  | 
| Healing Salve | 3 |  | 
| Scroll of Regeneration | 6 |  | 
| Scroll of Town Portal | 11 |  | 
| Staff of Sanctuary | 5 |  | 
| Orb of Lightning | 1 |  | 
| Scroll of Healing | 2 |  | 
| Orb of Corruption | 3 |  | 
| Runed Bracers | 3 |  | 
| Scourge Bone Chimes | 1 |  | 
| Sobi Mask | 2 |  | 
| Inferno Stone | 2 |  | 
| Robe of the Magi +6 | 1 |  | 
| Belt of Giant Strength +6 | 2 |  | 
| Mana Stone | 1 |  | 
| Tiny Great Hall | 1 |  | 
                50 total
  
               
              
              
Mata. (
blue | 71 APM | 7847 actions | 109:57)
              
 10 Paladin 
 3 Holy Light
 3 Divine Shield
 1 Resurrection
 3 Devotion Aura
 
                » actions 
                
                | Assign group hotkey | 682 |  | 
| Basic commands | 82 |  | 
| Build / train | 943 |  | 
| ESC pressed | 2 |  | 
| Enter build submenu | 413 |  | 
| Enter hero's abilities submenu | 10 |  | 
| Give item / drop item | 8 |  | 
| Remove unit from queue | 5 |  | 
| Right click | 2829 |  | 
| Select / deselect | 1740 |  | 
| Select group hotkey | 59 |  | 
| Use ability | 1072 |  | 
                7847 total
 » units 
                
                | Peasant | 77 |  | 
| Goblin Shredder | 4 |  | 
| Goblin Zeppelin | 2 |  | 
| Flying Machine | 83 |  | 
                166 total
 » upgrades
                
                | Masonry | 3 |  | 
| Lumber Harvesting | 2 |  | 
| Magic Sentry | 1 |  | 
| Gunpowder | 3 |  | 
| Plating | 3 |  | 
| Flak Cannons | 1 |  | 
| Flying Machine Bombs | 1 |  | 
                14 total
 » buildings
                
                | Altar of Kings | 2 |  | 
| Farm | 25 |  | 
| Lumber Mill | 2 |  | 
| Scout Tower | 739 |  | 
| Arcane Tower | 17 |  | 
| Guard Tower | 686 |  | 
| Keep | 4 |  | 
| Arcane Vault | 1 |  | 
| Castle | 5 |  | 
| Town Hall | 9 |  | 
| Arcane Sanctum | 1 |  | 
| Blacksmith | 3 |  | 
| Workshop | 5 |  | 
                1499 total
 » build order
                00:05 Altar of Kings
00:20 Farm
00:51 Farm
00:59 Lumber Mill
01:04 Scout Tower
01:30 Arcane Tower
01:31 Arcane Tower
01:51 Scout Tower
02:23 Guard Tower
02:40 Scout Tower
02:57 Scout Tower
03:02 Scout Tower
03:03 Scout Tower
03:36 Guard Tower
03:36 Guard Tower
03:36 Guard Tower
03:37 Scout Tower
03:39 Scout Tower
03:40 Guard Tower
03:40 Guard Tower
04:10 Guard Tower
04:10 Guard Tower
04:11 Scout Tower
04:12 Scout Tower
04:16 Farm
04:18 Farm
04:24 Scout Tower
04:25 Scout Tower
04:33 Scout Tower
04:34 Scout Tower
04:41 Scout Tower
04:46 Keep
04:48 Guard Tower
04:48 Guard Tower
04:48 Guard Tower
04:50 Scout Tower
04:51 Scout Tower
05:01 Guard Tower
05:02 Guard Tower
05:03 Guard Tower
05:03 Guard Tower
05:03 Guard Tower
05:13 Guard Tower
05:14 Guard Tower
05:14 Guard Tower
05:14 Guard Tower
05:17 Scout Tower
05:18 Scout Tower
05:22 Guard Tower
05:22 Guard Tower
05:24 Scout Tower
05:27 Scout Tower
05:31 Scout Tower
05:44 Guard Tower
05:45 Scout Tower
05:46 Scout Tower
05:47 Guard Tower
05:47 Guard Tower
05:47 Guard Tower
05:51 Scout Tower
05:57 Guard Tower
05:57 Guard Tower
06:03 Guard Tower
06:03 Guard Tower
07:23 Guard Tower
07:24 Scout Tower
07:24 Scout Tower
07:27 Guard Tower
07:27 Guard Tower
07:28 Guard Tower
07:28 Guard Tower
07:29 Scout Tower
07:30 Scout Tower
08:18 Arcane Vault
08:24 Scout Tower
08:25 Scout Tower
08:28 Guard Tower
08:35 Guard Tower
08:35 Guard Tower
08:36 Scout Tower
08:37 Scout Tower
08:43 Castle
08:44 Castle
09:17 Guard Tower
09:19 Scout Tower
09:19 Scout Tower
09:22 Scout Tower
09:32 Scout Tower
09:40 Scout Tower
10:09 Town Hall
10:32 Guard Tower
10:32 Guard Tower
10:36 Guard Tower
10:37 Scout Tower
10:38 Scout Tower
10:38 Scout Tower
10:40 Scout Tower
11:14 Scout Tower
11:15 Scout Tower
11:15 Scout Tower
11:30 Guard Tower
11:46 Scout Tower
11:47 Scout Tower
11:48 Scout Tower
11:49 Scout Tower
11:50 Guard Tower
11:50 Guard Tower
11:52 Guard Tower
11:52 Guard Tower
11:52 Guard Tower
11:53 Guard Tower
12:01 Guard Tower
12:02 Guard Tower
12:16 Guard Tower
12:16 Guard Tower
12:16 Guard Tower
12:17 Scout Tower
12:19 Scout Tower
12:23 Guard Tower
12:23 Guard Tower
12:37 Guard Tower
12:37 Guard Tower
12:40 Scout Tower
12:41 Guard Tower
12:58 Guard Tower
12:58 Guard Tower
12:59 Scout Tower
13:03 Scout Tower
13:04 Scout Tower
13:07 Guard Tower
13:07 Guard Tower
13:13 Guard Tower
13:15 Scout Tower
13:16 Scout Tower
13:17 Scout Tower
13:18 Scout Tower
13:19 Scout Tower
13:55 Guard Tower
13:55 Guard Tower
13:58 Guard Tower
13:58 Guard Tower
14:01 Scout Tower
14:06 Scout Tower
14:12 Guard Tower
14:12 Guard Tower
14:13 Scout Tower
14:14 Scout Tower
14:16 Scout Tower
14:19 Guard Tower
14:19 Guard Tower
14:20 Scout Tower
14:21 Scout Tower
14:45 Guard Tower
14:45 Guard Tower
14:46 Scout Tower
14:47 Scout Tower
15:08 Guard Tower
15:08 Guard Tower
15:09 Guard Tower
15:09 Guard Tower
15:09 Guard Tower
15:11 Scout Tower
15:11 Scout Tower
15:12 Scout Tower
15:13 Guard Tower
16:45 Guard Tower
16:45 Scout Tower
16:47 Scout Tower
17:02 Guard Tower
17:03 Guard Tower
17:04 Scout Tower
17:05 Scout Tower
17:07 Guard Tower
17:08 Scout Tower
17:09 Scout Tower
17:10 Scout Tower
17:11 Scout Tower
17:17 Guard Tower
17:18 Guard Tower
17:39 Guard Tower
17:40 Guard Tower
17:40 Guard Tower
17:40 Guard Tower
17:41 Scout Tower
17:43 Scout Tower
17:44 Scout Tower
17:49 Guard Tower
17:50 Guard Tower
18:12 Guard Tower
18:12 Guard Tower
18:25 Guard Tower
18:26 Guard Tower
18:28 Scout Tower
18:28 Scout Tower
18:29 Scout Tower
19:44 Guard Tower
19:47 Scout Tower
19:48 Scout Tower
19:49 Scout Tower
19:49 Scout Tower
19:52 Guard Tower
20:13 Farm
21:07 Guard Tower
21:41 Scout Tower
21:41 Scout Tower
21:44 Scout Tower
21:46 Scout Tower
21:47 Scout Tower
21:48 Scout Tower
21:52 Scout Tower
21:54 Scout Tower
23:47 Guard Tower
23:47 Guard Tower
24:12 Guard Tower
25:05 Scout Tower
25:08 Scout Tower
25:08 Scout Tower
25:10 Guard Tower
26:53 Scout Tower
26:54 Scout Tower
26:54 Scout Tower
26:55 Scout Tower
28:26 Guard Tower
28:27 Guard Tower
28:27 Scout Tower
28:29 Scout Tower
28:30 Scout Tower
28:31 Scout Tower
28:35 Scout Tower
28:42 Scout Tower
28:42 Scout Tower
28:57 Guard Tower
28:57 Guard Tower
28:58 Scout Tower
28:59 Scout Tower
28:59 Scout Tower
29:00 Scout Tower
29:01 Guard Tower
29:02 Guard Tower
29:02 Guard Tower
29:12 Scout Tower
29:13 Scout Tower
29:14 Scout Tower
29:14 Scout Tower
29:15 Scout Tower
29:40 Scout Tower
29:41 Scout Tower
29:41 Scout Tower
29:42 Scout Tower
30:03 Guard Tower
30:03 Scout Tower
30:04 Scout Tower
30:04 Scout Tower
30:08 Guard Tower
30:11 Scout Tower
30:12 Scout Tower
30:25 Scout Tower
30:26 Scout Tower
30:27 Scout Tower
30:28 Scout Tower
30:38 Scout Tower
30:40 Scout Tower
30:41 Scout Tower
30:52 Guard Tower
30:53 Guard Tower
30:55 Guard Tower
30:55 Guard Tower
30:55 Guard Tower
30:59 Guard Tower
31:04 Scout Tower
31:04 Scout Tower
31:05 Scout Tower
33:18 Guard Tower
33:18 Guard Tower
33:18 Guard Tower
33:20 Guard Tower
33:20 Guard Tower
34:16 Guard Tower
34:19 Scout Tower
34:20 Guard Tower
34:20 Guard Tower
35:01 Scout Tower
35:01 Scout Tower
35:03 Scout Tower
35:03 Scout Tower
35:06 Guard Tower
35:07 Scout Tower
35:08 Scout Tower
35:08 Scout Tower
35:10 Scout Tower
35:12 Scout Tower
35:13 Scout Tower
35:27 Scout Tower
35:32 Guard Tower
35:34 Scout Tower
35:35 Scout Tower
35:37 Scout Tower
35:38 Scout Tower
35:40 Guard Tower
35:40 Guard Tower
35:54 Scout Tower
36:00 Scout Tower
36:01 Scout Tower
36:02 Scout Tower
36:03 Guard Tower
36:04 Guard Tower
36:08 Guard Tower
36:29 Guard Tower
36:29 Guard Tower
36:30 Scout Tower
36:30 Scout Tower
36:31 Scout Tower
36:35 Guard Tower
36:38 Town Hall
36:45 Town Hall
37:02 Guard Tower
37:04 Guard Tower
37:04 Guard Tower
37:26 Arcane Sanctum
37:50 Guard Tower
37:51 Scout Tower
37:52 Scout Tower
37:52 Scout Tower
39:21 Guard Tower
39:21 Guard Tower
39:23 Scout Tower
39:23 Scout Tower
39:25 Scout Tower
39:25 Scout Tower
40:45 Scout Tower
40:45 Scout Tower
40:46 Scout Tower
40:48 Scout Tower
40:49 Scout Tower
40:50 Scout Tower
40:52 Scout Tower
40:53 Scout Tower
40:57 Scout Tower
40:58 Scout Tower
41:01 Scout Tower
41:02 Scout Tower
41:03 Scout Tower
41:04 Scout Tower
41:05 Scout Tower
41:09 Guard Tower
41:11 Scout Tower
41:12 Scout Tower
41:12 Scout Tower
41:16 Scout Tower
41:17 Scout Tower
41:25 Guard Tower
41:25 Guard Tower
41:25 Guard Tower
41:26 Guard Tower
41:52 Guard Tower
41:52 Guard Tower
41:53 Guard Tower
41:54 Guard Tower
41:54 Guard Tower
42:00 Guard Tower
42:00 Guard Tower
42:00 Guard Tower
42:00 Guard Tower
42:20 Guard Tower
42:20 Guard Tower
42:21 Scout Tower
42:22 Scout Tower
42:24 Scout Tower
42:35 Guard Tower
42:35 Guard Tower
42:37 Scout Tower
42:37 Scout Tower
42:40 Guard Tower
42:41 Guard Tower
42:41 Guard Tower
42:42 Guard Tower
42:42 Guard Tower
42:42 Guard Tower
42:42 Guard Tower
43:20 Guard Tower
43:20 Guard Tower
43:20 Guard Tower
43:23 Guard Tower
43:23 Guard Tower
43:43 Guard Tower
43:43 Guard Tower
43:50 Farm
43:52 Farm
43:57 Farm
43:58 Farm
44:09 Farm
44:11 Farm
44:15 Farm
44:34 Guard Tower
44:34 Guard Tower
44:41 Guard Tower
44:41 Guard Tower
44:42 Scout Tower
44:43 Scout Tower
44:44 Scout Tower
44:45 Scout Tower
44:46 Scout Tower
44:48 Scout Tower
44:49 Scout Tower
45:40 Guard Tower
45:43 Scout Tower
45:44 Scout Tower
45:45 Scout Tower
45:47 Scout Tower
45:49 Guard Tower
45:49 Guard Tower
45:50 Guard Tower
45:50 Guard Tower
45:54 Scout Tower
45:55 Scout Tower
45:56 Guard Tower
45:56 Guard Tower
45:57 Guard Tower
45:58 Scout Tower
46:03 Scout Tower
46:03 Scout Tower
46:10 Scout Tower
46:11 Scout Tower
46:12 Scout Tower
47:03 Guard Tower
47:03 Guard Tower
47:05 Scout Tower
47:07 Scout Tower
47:14 Guard Tower
47:14 Guard Tower
47:15 Guard Tower
47:15 Guard Tower
47:41 Guard Tower
47:52 Guard Tower
48:04 Guard Tower
48:04 Guard Tower
48:40 Town Hall
51:08 Scout Tower
51:09 Scout Tower
51:10 Scout Tower
51:10 Scout Tower
51:11 Scout Tower
51:12 Scout Tower
51:12 Scout Tower
51:13 Scout Tower
51:16 Scout Tower
51:17 Scout Tower
51:18 Scout Tower
51:19 Scout Tower
51:20 Scout Tower
51:21 Scout Tower
51:22 Scout Tower
51:28 Scout Tower
51:28 Scout Tower
51:29 Scout Tower
51:30 Scout Tower
51:32 Scout Tower
51:33 Scout Tower
51:34 Scout Tower
51:37 Guard Tower
51:37 Guard Tower
51:38 Guard Tower
51:38 Guard Tower
51:42 Scout Tower
51:43 Scout Tower
51:45 Scout Tower
51:46 Scout Tower
51:47 Guard Tower
51:47 Guard Tower
52:04 Guard Tower
52:04 Guard Tower
52:13 Scout Tower
52:15 Scout Tower
52:16 Scout Tower
52:17 Scout Tower
52:18 Guard Tower
52:18 Guard Tower
52:18 Guard Tower
52:20 Guard Tower
52:21 Guard Tower
52:31 Guard Tower
52:31 Guard Tower
52:38 Scout Tower
52:40 Guard Tower
52:40 Guard Tower
52:46 Scout Tower
52:47 Scout Tower
52:48 Scout Tower
52:50 Scout Tower
52:51 Scout Tower
52:52 Scout Tower
52:56 Guard Tower
53:11 Guard Tower
53:11 Guard Tower
53:11 Guard Tower
53:12 Guard Tower
53:12 Guard Tower
53:12 Guard Tower
53:15 Scout Tower
53:16 Scout Tower
53:17 Scout Tower
53:21 Guard Tower
53:22 Guard Tower
53:22 Guard Tower
53:22 Guard Tower
53:23 Guard Tower
53:23 Guard Tower
53:23 Guard Tower
53:34 Guard Tower
53:34 Guard Tower
53:36 Scout Tower
53:36 Scout Tower
53:37 Scout Tower
53:39 Scout Tower
53:40 Scout Tower
53:42 Scout Tower
53:43 Guard Tower
53:43 Guard Tower
53:43 Guard Tower
53:45 Guard Tower
53:45 Guard Tower
53:45 Guard Tower
53:45 Guard Tower
53:47 Guard Tower
53:51 Scout Tower
53:51 Scout Tower
53:53 Scout Tower
53:54 Scout Tower
53:56 Scout Tower
53:58 Scout Tower
54:00 Scout Tower
54:08 Scout Tower
54:09 Scout Tower
54:09 Scout Tower
54:10 Scout Tower
54:11 Scout Tower
54:14 Guard Tower
54:14 Guard Tower
54:14 Guard Tower
54:15 Guard Tower
54:15 Guard Tower
54:15 Guard Tower
54:16 Guard Tower
54:20 Scout Tower
54:21 Scout Tower
54:23 Scout Tower
54:23 Scout Tower
54:25 Guard Tower
54:25 Guard Tower
54:25 Guard Tower
54:26 Guard Tower
54:40 Guard Tower
54:40 Guard Tower
54:41 Guard Tower
54:41 Guard Tower
54:42 Guard Tower
54:44 Scout Tower
54:45 Scout Tower
54:46 Scout Tower
54:48 Scout Tower
54:49 Scout Tower
54:50 Scout Tower
54:51 Scout Tower
54:52 Guard Tower
54:53 Guard Tower
54:53 Guard Tower
54:58 Scout Tower
54:59 Scout Tower
55:02 Scout Tower
55:06 Guard Tower
55:06 Guard Tower
55:06 Guard Tower
55:06 Guard Tower
55:09 Scout Tower
55:10 Scout Tower
55:12 Scout Tower
55:21 Scout Tower
55:21 Scout Tower
55:22 Scout Tower
55:23 Scout Tower
55:24 Guard Tower
55:24 Guard Tower
55:40 Guard Tower
55:40 Guard Tower
55:42 Scout Tower
55:43 Scout Tower
55:47 Scout Tower
55:50 Guard Tower
55:51 Guard Tower
55:54 Scout Tower
55:55 Scout Tower
55:58 Scout Tower
55:59 Scout Tower
56:03 Guard Tower
56:03 Guard Tower
56:04 Guard Tower
56:05 Guard Tower
56:05 Guard Tower
56:08 Scout Tower
56:09 Scout Tower
56:09 Scout Tower
56:10 Scout Tower
56:12 Scout Tower
56:16 Scout Tower
56:17 Scout Tower
56:18 Scout Tower
56:19 Scout Tower
56:20 Scout Tower
56:24 Scout Tower
56:24 Scout Tower
56:25 Scout Tower
56:26 Scout Tower
56:27 Scout Tower
56:28 Scout Tower
56:29 Scout Tower
56:31 Scout Tower
56:32 Guard Tower
56:32 Guard Tower
56:35 Scout Tower
56:37 Scout Tower
56:40 Scout Tower
56:41 Scout Tower
56:42 Scout Tower
56:44 Scout Tower
56:45 Scout Tower
56:49 Guard Tower
56:52 Scout Tower
56:53 Scout Tower
56:54 Guard Tower
56:54 Guard Tower
56:59 Scout Tower
57:02 Scout Tower
57:03 Scout Tower
57:06 Guard Tower
57:06 Guard Tower
57:06 Guard Tower
57:06 Guard Tower
57:10 Scout Tower
57:14 Scout Tower
57:19 Scout Tower
57:23 Guard Tower
57:23 Guard Tower
57:26 Scout Tower
57:26 Scout Tower
57:37 Guard Tower
57:42 Scout Tower
57:43 Scout Tower
57:45 Scout Tower
57:46 Scout Tower
57:47 Scout Tower
57:48 Scout Tower
57:48 Scout Tower
57:53 Guard Tower
57:53 Guard Tower
57:53 Guard Tower
57:54 Scout Tower
57:55 Scout Tower
57:56 Scout Tower
57:57 Scout Tower
57:58 Guard Tower
57:59 Guard Tower
57:59 Guard Tower
58:03 Scout Tower
58:05 Scout Tower
58:06 Scout Tower
58:08 Scout Tower
58:11 Scout Tower
58:12 Scout Tower
58:13 Scout Tower
58:14 Scout Tower
58:17 Guard Tower
58:17 Guard Tower
58:17 Guard Tower
58:17 Guard Tower
58:28 Guard Tower
58:28 Guard Tower
58:31 Guard Tower
58:31 Guard Tower
58:34 Scout Tower
58:36 Scout Tower
58:39 Scout Tower
58:40 Scout Tower
58:42 Scout Tower
58:45 Scout Tower
58:49 Scout Tower
58:50 Scout Tower
58:52 Scout Tower
58:54 Guard Tower
58:55 Guard Tower
58:56 Scout Tower
58:56 Scout Tower
58:57 Scout Tower
59:01 Scout Tower
59:04 Scout Tower
59:05 Scout Tower
59:07 Scout Tower
59:08 Scout Tower
59:09 Scout Tower
59:09 Scout Tower
59:11 Scout Tower
59:13 Guard Tower
59:13 Guard Tower
59:14 Guard Tower
59:32 Guard Tower
59:33 Guard Tower
59:38 Scout Tower
59:40 Scout Tower
59:40 Scout Tower
59:43 Scout Tower
59:45 Scout Tower
59:46 Scout Tower
59:55 Guard Tower
59:55 Guard Tower
59:55 Guard Tower
60:00 Scout Tower
60:02 Scout Tower
60:06 Guard Tower
60:06 Guard Tower
60:07 Scout Tower
60:09 Scout Tower
60:10 Scout Tower
60:11 Scout Tower
60:11 Scout Tower
60:14 Scout Tower
60:15 Scout Tower
60:27 Guard Tower
60:28 Guard Tower
60:28 Guard Tower
60:28 Guard Tower
60:32 Scout Tower
60:33 Scout Tower
60:35 Scout Tower
60:36 Scout Tower
60:37 Scout Tower
60:38 Scout Tower
60:45 Guard Tower
60:50 Scout Tower
61:00 Scout Tower
61:02 Scout Tower
61:04 Scout Tower
61:12 Scout Tower
61:14 Scout Tower
61:14 Scout Tower
61:18 Guard Tower
61:18 Guard Tower
61:18 Guard Tower
61:20 Guard Tower
61:26 Scout Tower
61:33 Guard Tower
61:33 Guard Tower
61:36 Scout Tower
61:37 Scout Tower
61:39 Scout Tower
61:40 Scout Tower
61:41 Scout Tower
61:43 Scout Tower
61:44 Scout Tower
61:45 Scout Tower
61:46 Scout Tower
61:50 Scout Tower
61:51 Scout Tower
61:52 Scout Tower
61:53 Scout Tower
61:54 Guard Tower
61:54 Guard Tower
61:55 Guard Tower
61:58 Guard Tower
61:58 Guard Tower
62:17 Guard Tower
62:21 Guard Tower
62:21 Guard Tower
62:34 Guard Tower
62:34 Guard Tower
62:38 Scout Tower
62:41 Scout Tower
62:41 Scout Tower
63:51 Guard Tower
63:51 Guard Tower
63:53 Scout Tower
63:54 Scout Tower
63:55 Scout Tower
63:55 Scout Tower
64:05 Scout Tower
64:05 Scout Tower
64:06 Scout Tower
64:08 Scout Tower
64:10 Scout Tower
64:10 Scout Tower
64:11 Scout Tower
64:12 Scout Tower
64:14 Scout Tower
64:15 Scout Tower
64:15 Scout Tower
64:16 Scout Tower
64:19 Scout Tower
64:21 Scout Tower
64:24 Scout Tower
64:26 Scout Tower
64:27 Scout Tower
64:31 Scout Tower
64:31 Scout Tower
64:32 Scout Tower
64:35 Scout Tower
64:36 Scout Tower
64:37 Scout Tower
64:40 Scout Tower
64:41 Scout Tower
64:42 Scout Tower
64:48 Guard Tower
64:49 Guard Tower
64:51 Scout Tower
64:52 Scout Tower
64:53 Scout Tower
64:58 Guard Tower
65:00 Scout Tower
65:01 Scout Tower
65:02 Scout Tower
65:03 Scout Tower
65:03 Scout Tower
65:04 Scout Tower
65:07 Scout Tower
65:08 Scout Tower
65:09 Scout Tower
65:12 Scout Tower
65:16 Guard Tower
65:16 Guard Tower
65:18 Scout Tower
65:20 Scout Tower
65:20 Scout Tower
65:21 Scout Tower
65:23 Scout Tower
65:28 Scout Tower
65:29 Scout Tower
65:35 Scout Tower
65:35 Scout Tower
65:36 Scout Tower
65:38 Scout Tower
65:40 Guard Tower
65:40 Guard Tower
65:40 Guard Tower
65:41 Guard Tower
65:46 Scout Tower
65:47 Scout Tower
65:49 Scout Tower
65:50 Scout Tower
65:51 Scout Tower
65:59 Scout Tower
66:00 Guard Tower
66:01 Guard Tower
66:01 Guard Tower
66:03 Guard Tower
66:03 Guard Tower
66:10 Scout Tower
66:12 Scout Tower
66:13 Scout Tower
66:15 Scout Tower
66:16 Scout Tower
66:17 Scout Tower
66:18 Scout Tower
66:18 Scout Tower
66:20 Scout Tower
66:22 Scout Tower
66:27 Scout Tower
66:27 Scout Tower
66:28 Scout Tower
66:31 Guard Tower
66:31 Guard Tower
66:32 Guard Tower
66:32 Guard Tower
66:36 Scout Tower
66:38 Scout Tower
66:38 Scout Tower
66:40 Scout Tower
66:41 Scout Tower
66:46 Guard Tower
66:47 Guard Tower
66:49 Scout Tower
66:50 Scout Tower
66:50 Scout Tower
66:52 Scout Tower
66:53 Scout Tower
66:54 Scout Tower
66:59 Scout Tower
67:04 Scout Tower
67:05 Scout Tower
67:06 Scout Tower
67:07 Scout Tower
67:07 Scout Tower
67:09 Guard Tower
67:09 Guard Tower
67:09 Guard Tower
67:13 Scout Tower
67:14 Scout Tower
67:15 Scout Tower
67:16 Scout Tower
67:18 Scout Tower
67:19 Scout Tower
67:31 Scout Tower
67:31 Scout Tower
67:32 Scout Tower
67:33 Scout Tower
67:34 Guard Tower
67:34 Guard Tower
67:59 Scout Tower
68:00 Scout Tower
68:03 Guard Tower
68:03 Guard Tower
68:04 Guard Tower
68:04 Guard Tower
68:12 Scout Tower
68:13 Scout Tower
68:14 Scout Tower
68:15 Scout Tower
68:15 Scout Tower
68:16 Scout Tower
68:17 Scout Tower
68:18 Scout Tower
68:21 Scout Tower
68:22 Scout Tower
68:22 Scout Tower
68:23 Scout Tower
68:24 Scout Tower
68:25 Scout Tower
68:26 Scout Tower
68:27 Scout Tower
68:28 Guard Tower
68:28 Guard Tower
68:28 Guard Tower
68:29 Guard Tower
68:33 Scout Tower
68:33 Scout Tower
68:34 Scout Tower
68:35 Scout Tower
68:38 Scout Tower
68:41 Guard Tower
68:44 Scout Tower
68:45 Scout Tower
68:46 Scout Tower
68:49 Scout Tower
68:50 Scout Tower
68:52 Scout Tower
68:53 Scout Tower
68:57 Guard Tower
68:58 Guard Tower
69:05 Guard Tower
69:09 Scout Tower
69:20 Scout Tower
69:20 Scout Tower
69:22 Scout Tower
69:28 Guard Tower
69:29 Guard Tower
69:33 Scout Tower
69:36 Scout Tower
69:37 Scout Tower
69:38 Scout Tower
69:39 Scout Tower
69:42 Scout Tower
69:45 Guard Tower
69:45 Guard Tower
69:47 Guard Tower
69:48 Scout Tower
69:49 Scout Tower
69:50 Scout Tower
69:52 Scout Tower
69:57 Scout Tower
69:58 Scout Tower
70:00 Scout Tower
70:02 Scout Tower
70:04 Guard Tower
70:09 Scout Tower
70:11 Scout Tower
70:12 Scout Tower
70:13 Scout Tower
70:25 Scout Tower
70:28 Scout Tower
70:30 Scout Tower
70:32 Guard Tower
70:32 Guard Tower
70:35 Guard Tower
70:35 Guard Tower
70:37 Scout Tower
70:39 Scout Tower
70:39 Scout Tower
70:44 Guard Tower
70:44 Guard Tower
70:46 Scout Tower
70:48 Scout Tower
70:51 Scout Tower
70:52 Scout Tower
70:53 Scout Tower
70:54 Scout Tower
70:57 Guard Tower
70:57 Guard Tower
70:57 Guard Tower
71:18 Guard Tower
71:18 Guard Tower
71:29 Guard Tower
71:29 Guard Tower
71:30 Guard Tower
71:34 Guard Tower
71:34 Guard Tower
72:15 Guard Tower
72:15 Guard Tower
72:16 Guard Tower
72:16 Guard Tower
72:18 Scout Tower
72:19 Scout Tower
72:21 Scout Tower
72:21 Scout Tower
72:44 Farm
72:45 Farm
72:47 Farm
72:48 Guard Tower
72:48 Guard Tower
73:11 Guard Tower
73:11 Guard Tower
73:49 Keep
73:49 Keep
74:04 Scout Tower
74:05 Scout Tower
74:07 Scout Tower
74:34 Scout Tower
74:35 Scout Tower
74:37 Scout Tower
74:38 Scout Tower
74:39 Scout Tower
74:40 Scout Tower
74:41 Scout Tower
74:44 Guard Tower
74:45 Guard Tower
75:00 Blacksmith
75:02 Blacksmith
75:19 Guard Tower
75:19 Guard Tower
75:20 Scout Tower
75:21 Scout Tower
75:25 Scout Tower
75:34 Keep
75:41 Scout Tower
75:42 Scout Tower
75:45 Scout Tower
75:49 Scout Tower
75:51 Scout Tower
75:52 Scout Tower
76:43 Altar of Kings
76:55 Town Hall
77:06 Guard Tower
77:06 Guard Tower
77:18 Blacksmith
77:28 Guard Tower
77:28 Guard Tower
77:42 Guard Tower
77:42 Guard Tower
78:02 Castle
78:12 Workshop
78:15 Scout Tower
78:16 Scout Tower
78:17 Scout Tower
78:35 Scout Tower
78:37 Scout Tower
78:38 Scout Tower
78:38 Scout Tower
78:40 Scout Tower
78:42 Scout Tower
78:43 Scout Tower
78:44 Scout Tower
78:45 Scout Tower
78:57 Castle
79:10 Guard Tower
79:10 Guard Tower
79:11 Guard Tower
79:17 Scout Tower
79:17 Scout Tower
79:18 Scout Tower
79:19 Scout Tower
79:20 Scout Tower
79:23 Scout Tower
79:24 Scout Tower
79:25 Scout Tower
79:52 Scout Tower
79:53 Scout Tower
79:54 Scout Tower
80:06 Guard Tower
80:06 Guard Tower
80:31 Guard Tower
80:31 Guard Tower
80:31 Guard Tower
80:40 Guard Tower
80:40 Guard Tower
80:40 Guard Tower
80:40 Guard Tower
80:58 Guard Tower
80:58 Guard Tower
80:59 Guard Tower
81:02 Scout Tower
81:03 Scout Tower
81:04 Scout Tower
81:05 Scout Tower
81:06 Scout Tower
81:32 Lumber Mill
81:34 Guard Tower
81:46 Guard Tower
81:46 Guard Tower
82:18 Guard Tower
82:18 Guard Tower
82:21 Scout Tower
82:23 Scout Tower
82:23 Guard Tower
82:24 Guard Tower
82:47 Workshop
82:48 Guard Tower
82:48 Guard Tower
82:48 Guard Tower
82:53 Scout Tower
82:54 Scout Tower
82:55 Scout Tower
82:58 Scout Tower
82:59 Scout Tower
83:00 Scout Tower
83:02 Scout Tower
83:05 Scout Tower
83:05 Scout Tower
83:06 Scout Tower
83:08 Scout Tower
83:10 Scout Tower
83:11 Scout Tower
83:13 Scout Tower
83:14 Scout Tower
83:29 Guard Tower
83:30 Guard Tower
83:34 Scout Tower
83:35 Scout Tower
83:36 Scout Tower
83:37 Scout Tower
83:38 Scout Tower
83:49 Scout Tower
83:54 Scout Tower
83:55 Scout Tower
84:40 Guard Tower
84:40 Guard Tower
84:40 Guard Tower
84:48 Guard Tower
84:49 Guard Tower
84:49 Guard Tower
84:59 Scout Tower
84:59 Scout Tower
85:01 Scout Tower
85:02 Scout Tower
85:04 Guard Tower
85:04 Guard Tower
85:14 Guard Tower
85:14 Guard Tower
85:16 Guard Tower
85:16 Guard Tower
85:19 Scout Tower
85:30 Guard Tower
85:42 Scout Tower
86:39 Guard Tower
86:39 Guard Tower
86:44 Scout Tower
86:47 Scout Tower
86:48 Scout Tower
86:49 Scout Tower
86:50 Scout Tower
86:52 Scout Tower
86:53 Scout Tower
87:15 Guard Tower
87:15 Guard Tower
87:17 Scout Tower
87:18 Scout Tower
87:19 Scout Tower
87:20 Scout Tower
87:22 Scout Tower
87:41 Scout Tower
87:42 Scout Tower
87:42 Scout Tower
88:57 Guard Tower
88:57 Guard Tower
89:02 Guard Tower
89:03 Guard Tower
89:03 Guard Tower
89:05 Guard Tower
89:10 Scout Tower
89:10 Scout Tower
89:11 Scout Tower
89:12 Scout Tower
89:15 Scout Tower
89:16 Scout Tower
90:05 Guard Tower
90:08 Scout Tower
90:09 Scout Tower
90:11 Scout Tower
90:12 Scout Tower
90:13 Scout Tower
90:53 Guard Tower
90:54 Guard Tower
92:13 Guard Tower
92:19 Scout Tower
92:20 Scout Tower
93:18 Town Hall
93:51 Scout Tower
93:55 Scout Tower
93:57 Scout Tower
93:59 Scout Tower
94:00 Scout Tower
94:02 Scout Tower
94:03 Scout Tower
94:04 Scout Tower
94:05 Scout Tower
94:07 Scout Tower
94:08 Scout Tower
94:09 Scout Tower
94:12 Guard Tower
94:12 Guard Tower
94:15 Scout Tower
94:17 Scout Tower
94:21 Scout Tower
94:22 Scout Tower
94:23 Scout Tower
94:27 Scout Tower
94:28 Scout Tower
94:30 Arcane Tower
94:30 Arcane Tower
94:45 Scout Tower
94:46 Scout Tower
94:48 Scout Tower
94:50 Guard Tower
95:22 Guard Tower
95:29 Arcane Tower
95:37 Scout Tower
95:40 Scout Tower
95:42 Scout Tower
95:43 Scout Tower
95:46 Scout Tower
95:46 Scout Tower
95:49 Guard Tower
95:49 Guard Tower
95:54 Scout Tower
95:55 Scout Tower
95:57 Scout Tower
95:58 Scout Tower
95:59 Scout Tower
96:00 Scout Tower
97:36 Arcane Tower
97:38 Scout Tower
97:39 Scout Tower
97:40 Scout Tower
98:09 Town Hall
98:27 Town Hall
98:48 Town Hall
98:56 Scout Tower
98:57 Scout Tower
98:58 Scout Tower
99:00 Scout Tower
100:00 Scout Tower
100:03 Arcane Tower
100:03 Arcane Tower
100:21 Guard Tower
100:22 Guard Tower
100:22 Guard Tower
100:57 Arcane Tower
100:57 Arcane Tower
100:57 Arcane Tower
100:59 Scout Tower
102:22 Farm
102:24 Farm
102:25 Farm
102:27 Farm
102:28 Farm
102:32 Farm
102:45 Guard Tower
103:14 Guard Tower
103:14 Guard Tower
103:48 Farm
103:49 Farm
103:49 Farm
103:50 Farm
105:19 Workshop
105:20 Workshop
105:21 Workshop
» items
                
                | Rod of Necromancy | 1 |  | 
| Healing Salve | 1 |  | 
| Belt of Giant Strength +6 | 4 |  | 
| Orb of Corruption | 1 |  | 
| Potion of Mana | 2 |  | 
| Potion of Healing | 1 |  | 
| Sobi Mask | 1 |  | 
                11 total
  
               
              
              
» 
TALONSAREIMBA (
orange | 74 APM | 8150 actions | 109:56)
              
 10 Dreadlord 
 3 Sleep
 3 Carrion Swarm
 1 Inferno
 3 Vampiric Aura
 9 Death Knight 
 3 Death Coil
 3 Unholy Aura
 1 Animate Dead
 2 Death Pact
 5 Lich 
 3 Frost Nova
 2 Frost Armor
 
                » actions 
                
                | Assign group hotkey | 61 |  | 
| Basic commands | 366 |  | 
| Build / train | 298 |  | 
| ESC pressed | 30 |  | 
| Enter build submenu | 201 |  | 
| Enter hero's abilities submenu | 25 |  | 
| Give item / drop item | 5 |  | 
| Remove unit from queue | 2 |  | 
| Right click | 4157 |  | 
| Select / deselect | 1551 |  | 
| Select group hotkey | 890 |  | 
| Use ability | 563 |  | 
                8150 total
 » units 
                
                | Acolyte | 11 |  | 
| Ghoul | 20 |  | 
| Gargoyle | 31 |  | 
| Crypt Fiend | 9 |  | 
| Obsidian Statue | 2 |  | 
| Necromancer | 1 |  | 
                74 total
 » upgrades
                
                | Creature Attack | 3 |  | 
| Web | 1 |  | 
| Creature Carapace | 3 |  | 
| Destroyer Form | 1 |  | 
| Unholy Strength | 1 |  | 
| Necromancer Training | 2 |  | 
                11 total
 » buildings
                
                | Crypt | 4 |  | 
| Altar of Darkness | 2 |  | 
| Ziggurat | 37 |  | 
| Tomb of Relics | 138 |  | 
| Nerubian Tower | 5 |  | 
| Necropolis | 2 |  | 
| Graveyard | 3 |  | 
| Spirit Tower | 14 |  | 
| Halls of the Dead | 2 |  | 
| Black Citadel | 2 |  | 
| Slaughterhouse | 1 |  | 
| Temple of the Damned | 1 |  | 
                211 total
 » build order
                00:07 Crypt
00:15 Altar of Darkness
00:34 Ziggurat
01:11 Tomb of Relics
01:35 Nerubian Tower
01:59 Ziggurat
02:32 Necropolis
03:08 Nerubian Tower
03:08 Nerubian Tower
03:48 Ziggurat
04:02 Graveyard
04:19 Ziggurat
04:57 Ziggurat
05:09 Nerubian Tower
05:35 Spirit Tower
05:53 Ziggurat
06:27 Spirit Tower
07:22 Halls of the Dead
07:29 Spirit Tower
07:31 Ziggurat
08:27 Spirit Tower
08:30 Ziggurat
09:11 Crypt
09:15 Ziggurat
09:40 Spirit Tower
09:45 Ziggurat
11:38 Spirit Tower
11:56 Ziggurat
11:59 Ziggurat
13:12 Spirit Tower
13:18 Spirit Tower
15:19 Black Citadel
16:38 Slaughterhouse
16:52 Ziggurat
16:53 Ziggurat
16:54 Ziggurat
16:55 Ziggurat
18:17 Nerubian Tower
20:05 Spirit Tower
28:17 Ziggurat
28:19 Ziggurat
28:20 Ziggurat
28:22 Ziggurat
28:57 Temple of the Damned
35:45 Spirit Tower
35:48 Ziggurat
35:49 Ziggurat
35:52 Ziggurat
35:54 Ziggurat
35:56 Ziggurat
35:58 Ziggurat
36:03 Ziggurat
36:04 Ziggurat
38:12 Spirit Tower
39:20 Ziggurat
39:21 Ziggurat
40:17 Spirit Tower
41:26 Ziggurat
41:31 Ziggurat
41:32 Ziggurat
42:29 Spirit Tower
45:14 Tomb of Relics
45:16 Tomb of Relics
45:23 Tomb of Relics
45:26 Tomb of Relics
45:34 Tomb of Relics
45:48 Graveyard
48:11 Tomb of Relics
48:16 Tomb of Relics
48:21 Tomb of Relics
48:24 Tomb of Relics
48:28 Tomb of Relics
48:44 Tomb of Relics
50:41 Tomb of Relics
50:43 Tomb of Relics
50:46 Tomb of Relics
50:49 Tomb of Relics
50:51 Tomb of Relics
50:54 Tomb of Relics
50:57 Tomb of Relics
51:00 Tomb of Relics
51:03 Tomb of Relics
51:06 Tomb of Relics
51:09 Tomb of Relics
51:12 Tomb of Relics
51:15 Tomb of Relics
51:22 Tomb of Relics
51:24 Tomb of Relics
51:27 Tomb of Relics
51:30 Tomb of Relics
51:34 Tomb of Relics
51:36 Tomb of Relics
51:39 Tomb of Relics
51:43 Tomb of Relics
51:51 Tomb of Relics
51:55 Tomb of Relics
51:58 Tomb of Relics
52:31 Tomb of Relics
52:34 Tomb of Relics
52:37 Tomb of Relics
53:18 Tomb of Relics
53:21 Tomb of Relics
53:27 Tomb of Relics
53:33 Tomb of Relics
53:36 Tomb of Relics
53:40 Tomb of Relics
53:48 Tomb of Relics
53:52 Tomb of Relics
53:54 Tomb of Relics
54:09 Tomb of Relics
54:12 Tomb of Relics
55:06 Tomb of Relics
55:09 Tomb of Relics
55:53 Tomb of Relics
55:57 Tomb of Relics
56:00 Tomb of Relics
56:02 Tomb of Relics
56:04 Tomb of Relics
56:09 Tomb of Relics
56:13 Tomb of Relics
56:18 Tomb of Relics
56:21 Tomb of Relics
56:23 Tomb of Relics
56:25 Tomb of Relics
56:29 Tomb of Relics
56:32 Tomb of Relics
56:41 Tomb of Relics
56:43 Tomb of Relics
56:55 Tomb of Relics
57:00 Tomb of Relics
57:06 Tomb of Relics
57:11 Tomb of Relics
57:13 Tomb of Relics
57:18 Tomb of Relics
57:22 Tomb of Relics
57:26 Tomb of Relics
57:29 Tomb of Relics
57:36 Tomb of Relics
57:39 Tomb of Relics
57:42 Tomb of Relics
57:44 Tomb of Relics
57:46 Tomb of Relics
57:49 Tomb of Relics
57:51 Tomb of Relics
57:55 Tomb of Relics
57:58 Tomb of Relics
58:00 Tomb of Relics
58:04 Tomb of Relics
58:05 Tomb of Relics
58:07 Tomb of Relics
58:18 Tomb of Relics
58:21 Tomb of Relics
58:24 Tomb of Relics
59:42 Tomb of Relics
59:48 Tomb of Relics
59:51 Tomb of Relics
59:53 Tomb of Relics
59:55 Tomb of Relics
59:58 Tomb of Relics
60:00 Tomb of Relics
60:03 Tomb of Relics
60:08 Tomb of Relics
66:22 Tomb of Relics
66:24 Tomb of Relics
66:36 Tomb of Relics
66:38 Tomb of Relics
66:41 Tomb of Relics
66:44 Tomb of Relics
67:14 Tomb of Relics
67:18 Tomb of Relics
67:25 Tomb of Relics
67:44 Tomb of Relics
67:46 Tomb of Relics
67:47 Tomb of Relics
68:04 Tomb of Relics
68:17 Tomb of Relics
68:20 Tomb of Relics
68:22 Tomb of Relics
68:24 Tomb of Relics
68:25 Tomb of Relics
68:29 Tomb of Relics
68:33 Tomb of Relics
68:36 Tomb of Relics
68:38 Tomb of Relics
68:41 Tomb of Relics
68:44 Tomb of Relics
68:46 Tomb of Relics
69:45 Tomb of Relics
69:48 Tomb of Relics
69:51 Tomb of Relics
69:54 Tomb of Relics
69:56 Tomb of Relics
70:01 Tomb of Relics
70:07 Tomb of Relics
72:19 Tomb of Relics
72:40 Tomb of Relics
72:46 Tomb of Relics
72:50 Tomb of Relics
72:55 Tomb of Relics
74:33 Ziggurat
74:35 Ziggurat
74:38 Ziggurat
76:26 Spirit Tower
77:34 Ziggurat
82:38 Altar of Darkness
85:09 Necropolis
87:02 Halls of the Dead
90:05 Black Citadel
90:08 Crypt
90:53 Crypt
102:55 Graveyard
» items
                
                | Potion of Healing | 9 |  | 
| Demonic Figurine | 1 |  | 
| Orb of Lightning | 2 |  | 
| Scroll of Town Portal | 6 |  | 
| Potion of Mana | 5 |  | 
| Lesser Clarity Potion | 2 |  | 
| Healing Salve | 1 |  | 
| Orb of Corruption | 1 |  | 
| Sacrificial Skull | 132 |  | 
| Belt of Giant Strength +6 | 1 |  | 
| Ankh of Reincarnation | 1 |  | 
                161 total
  
               
              
              
» 
TIMG4STRok (
yellow | 51 APM | 5147 actions | 100:00)
              
 10 Blademaster 
 3 Wind Walk
 3 Critical Strike
 1 Bladestorm
 3 Mirror Image
 6 Pit Lord 
 3 Howl of Terror
 2 Cleaving Attack
 1 Doom
 
                » actions 
                
                | Assign group hotkey | 6 |  | 
| Basic commands | 76 |  | 
| Build / train | 91 |  | 
| ESC pressed | 3 |  | 
| Enter build submenu | 70 |  | 
| Enter hero's abilities submenu | 16 |  | 
| Give item / drop item | 24 |  | 
| Right click | 2977 |  | 
| Select / deselect | 382 |  | 
| Select group hotkey | 1200 |  | 
| Use ability | 299 |  | 
                5147 total
 » units 
                
                | Peon | 22 |  | 
| Troll Batrider | 5 |  | 
| Goblin Zeppelin | 1 |  | 
                28 total
 » upgrades
                
                | Spiked Barricades | 1 |  | 
| Reinforced Defenses | 1 |  | 
| Liquid Fire | 1 |  | 
                3 total
 » buildings
                
                | Orc Burrow | 7 |  | 
| Altar of Storms | 4 |  | 
| War Mill | 7 |  | 
| Watch Tower | 39 |  | 
| Voodoo Lounge | 5 |  | 
| Stronghold | 1 |  | 
| Beastiary | 2 |  | 
| Fortress | 3 |  | 
                68 total
 » build order
                00:13 Orc Burrow
00:18 Altar of Storms
00:47 War Mill
02:00 Watch Tower
02:12 Voodoo Lounge
02:30 Watch Tower
02:51 Orc Burrow
03:28 Watch Tower
04:02 Orc Burrow
04:27 Watch Tower
04:30 Voodoo Lounge
04:53 Orc Burrow
05:04 Watch Tower
05:35 Watch Tower
06:19 Stronghold
07:25 Watch Tower
07:26 Watch Tower
07:31 Watch Tower
08:51 Beastiary
09:05 Fortress
09:06 Fortress
09:39 Beastiary
10:38 Watch Tower
10:39 Watch Tower
10:44 Orc Burrow
11:27 Watch Tower
11:28 Watch Tower
11:46 Voodoo Lounge
12:27 Watch Tower
12:57 Watch Tower
14:08 Watch Tower
14:09 Watch Tower
14:16 Watch Tower
14:28 Watch Tower
17:06 Watch Tower
17:07 Watch Tower
17:13 Watch Tower
17:17 Watch Tower
17:19 Watch Tower
17:21 Watch Tower
17:26 Watch Tower
18:18 Watch Tower
18:24 Watch Tower
18:25 Watch Tower
18:26 Watch Tower
19:40 Voodoo Lounge
19:41 Voodoo Lounge
19:48 Watch Tower
19:49 Watch Tower
22:10 Watch Tower
22:11 Watch Tower
22:18 Watch Tower
22:19 Watch Tower
23:47 Watch Tower
23:48 Watch Tower
24:51 Watch Tower
32:57 Orc Burrow
40:55 Altar of Storms
40:56 Altar of Storms
50:27 Altar of Storms
50:30 Orc Burrow
51:03 War Mill
79:10 War Mill
79:13 War Mill
79:39 War Mill
79:47 War Mill
80:00 War Mill
» items
                
                | Lesser Clarity Potion | 7 |  | 
| Healing Salve | 3 |  | 
| Runed Bracers | 2 |  | 
| Orb of Lightning | 2 |  | 
| Boots of Quel'Thalas +6 | 3 |  | 
| Robe of the Magi +6 | 2 |  | 
| Scourge Bone Chimes | 1 |  | 
| Belt of Giant Strength +6 | 5 |  | 
| Sobi Mask | 1 |  | 
| Health Stone | 1 |  | 
| Orb of Corruption | 1 |  | 
| Potion of Mana | 4 |  | 
| Potion of Healing | 2 |  | 
| Potion of Divinity | 1 |  | 
                35 total
  
               team 2 (loser) 
              
              
8lllllD (
green | 51 APM | 5620 actions | 109:27)
              
 8 Death Knight 
 3 Death Coil
 3 Unholy Aura
 1 Animate Dead
 1 Death Pact
 
                » actions 
                
                | Assign group hotkey | 13 |  | 
| Basic commands | 284 |  | 
| Build / train | 140 |  | 
| ESC pressed | 6 |  | 
| Enter build submenu | 106 |  | 
| Enter hero's abilities submenu | 9 |  | 
| Right click | 3498 |  | 
| Select / deselect | 1309 |  | 
| Select group hotkey | 39 |  | 
| Use ability | 216 |  | 
                5620 total
 » units 
                
                | Acolyte | 38 |  | 
| Ghoul | 8 |  | 
| Gargoyle | 7 |  | 
| Frost Wyrm | 38 |  | 
| Goblin Zeppelin | 1 |  | 
| Crypt Fiend | 5 |  | 
                97 total
 » upgrades
                
                | Creature Attack | 3 |  | 
| Creature Carapace | 3 |  | 
| Freezing Breath | 1 |  | 
| Unholy Strength | 1 |  | 
| Unholy Armor | 1 |  | 
                9 total
 » buildings
                
                | Altar of Darkness | 1 |  | 
| Ziggurat | 63 |  | 
| Crypt | 8 |  | 
| Graveyard | 4 |  | 
| Nerubian Tower | 5 |  | 
| Halls of the Dead | 2 |  | 
| Black Citadel | 1 |  | 
| Sacrificial Pit | 1 |  | 
| Boneyard | 2 |  | 
| Slaughterhouse | 2 |  | 
| Tomb of Relics | 5 |  | 
| Necropolis | 4 |  | 
| Spirit Tower | 17 |  | 
                115 total
 » build order
                00:04 Altar of Darkness
00:08 Ziggurat
00:42 Crypt
01:02 Ziggurat
01:31 Graveyard
01:43 Crypt
03:42 Nerubian Tower
04:33 Halls of the Dead
04:56 Crypt
05:32 Ziggurat
06:00 Ziggurat
06:42 Nerubian Tower
09:43 Black Citadel
11:44 Sacrificial Pit
12:01 Ziggurat
12:03 Ziggurat
12:06 Ziggurat
13:00 Boneyard
13:02 Boneyard
13:51 Nerubian Tower
19:28 Ziggurat
19:30 Ziggurat
20:15 Slaughterhouse
20:17 Slaughterhouse
21:41 Tomb of Relics
44:59 Necropolis
47:06 Ziggurat
47:13 Ziggurat
47:48 Ziggurat
47:51 Ziggurat
48:19 Spirit Tower
48:58 Spirit Tower
48:59 Spirit Tower
49:22 Spirit Tower
49:57 Ziggurat
50:13 Ziggurat
50:14 Ziggurat
50:29 Ziggurat
50:51 Spirit Tower
52:14 Spirit Tower
52:16 Spirit Tower
52:35 Ziggurat
52:38 Ziggurat
54:28 Spirit Tower
54:30 Ziggurat
54:34 Ziggurat
55:16 Ziggurat
55:18 Ziggurat
55:20 Ziggurat
57:47 Nerubian Tower
58:06 Necropolis
59:50 Ziggurat
59:52 Ziggurat
59:53 Ziggurat
59:59 Ziggurat
60:01 Ziggurat
60:04 Ziggurat
60:51 Spirit Tower
60:53 Spirit Tower
61:23 Spirit Tower
64:06 Spirit Tower
67:12 Ziggurat
67:13 Ziggurat
67:15 Ziggurat
67:17 Ziggurat
67:23 Ziggurat
67:24 Ziggurat
67:25 Ziggurat
68:25 Graveyard
68:43 Graveyard
68:55 Spirit Tower
69:01 Spirit Tower
70:45 Spirit Tower
76:04 Ziggurat
76:06 Ziggurat
76:08 Ziggurat
76:09 Ziggurat
79:05 Nerubian Tower
82:08 Necropolis
82:22 Necropolis
84:04 Ziggurat
84:06 Ziggurat
84:07 Ziggurat
84:08 Ziggurat
84:10 Ziggurat
84:36 Ziggurat
84:37 Ziggurat
84:39 Ziggurat
84:40 Ziggurat
84:44 Ziggurat
84:46 Ziggurat
84:48 Ziggurat
84:51 Ziggurat
84:52 Ziggurat
84:56 Ziggurat
84:58 Ziggurat
85:00 Ziggurat
85:02 Ziggurat
85:57 Spirit Tower
87:09 Ziggurat
87:12 Ziggurat
87:14 Ziggurat
90:19 Ziggurat
90:32 Tomb of Relics
90:34 Tomb of Relics
90:37 Tomb of Relics
90:40 Tomb of Relics
92:32 Spirit Tower
105:14 Crypt
105:18 Crypt
105:19 Crypt
105:23 Crypt
105:24 Crypt
106:13 Graveyard
106:57 Halls of the Dead
 
               
              
              
baserleam (
pink | 90 APM | 9883 actions | 109:24)
              
 10 Death Knight 
 3 Death Coil
 3 Unholy Aura
 1 Animate Dead
 3 Death Pact
 2 Pit Lord 
 1 Rain of Fire
 1 Cleaving Attack
 
                » actions 
                
                | Assign group hotkey | 62 |  | 
| Basic commands | 588 |  | 
| Build / train | 126 |  | 
| ESC pressed | 5 |  | 
| Enter build submenu | 54 |  | 
| Enter hero's abilities submenu | 13 |  | 
| Right click | 4316 |  | 
| Select / deselect | 1197 |  | 
| Select group hotkey | 3397 |  | 
| Use ability | 125 |  | 
                9883 total
 » units 
                
                | Acolyte | 11 |  | 
| Ghoul | 5 |  | 
| Crypt Fiend | 9 |  | 
| Meatwagon | 2 |  | 
| Abomination | 17 |  | 
| Goblin Sapper | 8 |  | 
| Frost Wyrm | 24 |  | 
| Goblin Zeppelin | 1 |  | 
                77 total
 » upgrades
                
                | Creature Attack | 3 |  | 
| Creature Carapace | 3 |  | 
| Web | 1 |  | 
| Disease Cloud | 1 |  | 
| Exhume Corpses | 1 |  | 
| Unholy Strength | 3 |  | 
| Unholy Armor | 3 |  | 
| Freezing Breath | 1 |  | 
                16 total
 » buildings
                
                | Altar of Darkness | 2 |  | 
| Ziggurat | 28 |  | 
| Crypt | 5 |  | 
| Graveyard | 2 |  | 
| Tomb of Relics | 2 |  | 
| Nerubian Tower | 1 |  | 
| Halls of the Dead | 1 |  | 
| Spirit Tower | 7 |  | 
| Slaughterhouse | 4 |  | 
| Black Citadel | 1 |  | 
| Sacrificial Pit | 2 |  | 
| Boneyard | 6 |  | 
                61 total
 » build order
                00:08 Altar of Darkness
00:09 Ziggurat
00:11 Crypt
01:12 Graveyard
01:56 Tomb of Relics
02:03 Ziggurat
02:34 Crypt
02:50 Nerubian Tower
05:51 Ziggurat
06:06 Halls of the Dead
06:19 Spirit Tower
08:21 Ziggurat
08:43 Slaughterhouse
08:44 Slaughterhouse
08:51 Slaughterhouse
09:54 Black Citadel
11:46 Ziggurat
12:39 Ziggurat
13:10 Slaughterhouse
16:52 Ziggurat
17:38 Spirit Tower
17:39 Spirit Tower
42:07 Sacrificial Pit
43:07 Boneyard
43:09 Boneyard
43:10 Boneyard
43:21 Boneyard
43:41 Boneyard
43:53 Ziggurat
43:54 Ziggurat
43:57 Ziggurat
43:59 Ziggurat
44:09 Ziggurat
44:10 Ziggurat
44:19 Ziggurat
45:18 Ziggurat
45:32 Tomb of Relics
46:12 Spirit Tower
46:18 Spirit Tower
49:12 Sacrificial Pit
63:38 Altar of Darkness
65:36 Graveyard
81:07 Ziggurat
81:08 Ziggurat
81:09 Ziggurat
81:10 Ziggurat
82:49 Ziggurat
82:50 Ziggurat
82:51 Ziggurat
83:15 Ziggurat
83:16 Ziggurat
83:30 Ziggurat
83:34 Ziggurat
84:07 Ziggurat
84:40 Ziggurat
84:53 Spirit Tower
85:38 Spirit Tower
89:59 Boneyard
105:20 Crypt
105:27 Crypt
105:33 Crypt
» items
                
                | Dust of Appearance | 1 |  | 
| Scroll of Town Portal | 1 |  | 
| Ankh of Reincarnation | 1 |  | 
                3 total
  
               
              
              
densho (
teal | 90 APM | 9916 actions | 109:55)
              
 9 Death Knight 
 3 Death Coil
 3 Unholy Aura
 1 Animate Dead
 2 Death Pact
 5 Dark Ranger 
 2 Life Drain
 2 Silence
 1 Charm
 
                » actions 
                
                | Assign group hotkey | 3136 |  | 
| Basic commands | 511 |  | 
| Build / train | 182 |  | 
| ESC pressed | 1 |  | 
| Enter build submenu | 110 |  | 
| Enter hero's abilities submenu | 14 |  | 
| Remove unit from queue | 1 |  | 
| Right click | 3212 |  | 
| Select / deselect | 1164 |  | 
| Select group hotkey | 1361 |  | 
| Use ability | 224 |  | 
                9916 total
 » units 
                
                | Acolyte | 28 |  | 
| Ghoul | 8 |  | 
| Crypt Fiend | 22 |  | 
| Necromancer | 15 |  | 
| Obsidian Statue | 12 |  | 
| Meatwagon | 12 |  | 
| Frost Wyrm | 16 |  | 
                113 total
 » upgrades
                
                | Unholy Strength | 3 |  | 
| Unholy Armor | 2 |  | 
| Necromancer Training | 2 |  | 
| Skeletal Longevity | 1 |  | 
| Skeletal Mastery | 1 |  | 
| Destroyer Form | 1 |  | 
| Banshee Training | 1 |  | 
| Freezing Breath | 1 |  | 
| Creature Attack | 3 |  | 
| Creature Carapace | 3 |  | 
| Web | 1 |  | 
                19 total
 » buildings
                
                | Altar of Darkness | 2 |  | 
| Ziggurat | 71 |  | 
| Crypt | 3 |  | 
| Tomb of Relics | 3 |  | 
| Graveyard | 1 |  | 
| Nerubian Tower | 5 |  | 
| Halls of the Dead | 1 |  | 
| Spirit Tower | 10 |  | 
| Temple of the Damned | 2 |  | 
| Slaughterhouse | 1 |  | 
| Black Citadel | 1 |  | 
| Necropolis | 3 |  | 
| Sacrificial Pit | 1 |  | 
| Boneyard | 3 |  | 
                107 total
 » build order
                00:05 Altar of Darkness
00:11 Ziggurat
00:15 Crypt
01:03 Tomb of Relics
01:52 Graveyard
02:28 Ziggurat
03:03 Nerubian Tower
04:39 Halls of the Dead
04:55 Ziggurat
05:52 Spirit Tower
05:56 Nerubian Tower
06:00 Ziggurat
08:01 Temple of the Damned
08:05 Temple of the Damned
08:23 Slaughterhouse
08:25 Black Citadel
08:31 Ziggurat
12:50 Ziggurat
19:28 Ziggurat
20:16 Ziggurat
20:19 Ziggurat
20:20 Ziggurat
33:46 Ziggurat
33:49 Ziggurat
33:52 Ziggurat
33:53 Ziggurat
33:55 Ziggurat
33:57 Ziggurat
34:52 Spirit Tower
38:48 Necropolis
39:54 Ziggurat
39:57 Ziggurat
39:59 Ziggurat
40:02 Ziggurat
40:06 Ziggurat
40:59 Spirit Tower
42:20 Ziggurat
42:25 Ziggurat
42:27 Ziggurat
42:29 Ziggurat
42:31 Ziggurat
42:37 Sacrificial Pit
43:14 Ziggurat
43:21 Ziggurat
43:23 Ziggurat
44:12 Boneyard
44:18 Boneyard
44:52 Boneyard
45:12 Ziggurat
45:15 Altar of Darkness
45:19 Tomb of Relics
45:30 Tomb of Relics
45:32 Spirit Tower
51:16 Spirit Tower
58:06 Necropolis
60:04 Ziggurat
60:04 Ziggurat
60:09 Ziggurat
60:10 Ziggurat
60:11 Ziggurat
60:12 Ziggurat
60:14 Ziggurat
60:23 Spirit Tower
62:31 Necropolis
63:49 Ziggurat
63:53 Ziggurat
63:55 Ziggurat
63:58 Ziggurat
64:00 Ziggurat
64:03 Ziggurat
64:07 Ziggurat
64:08 Ziggurat
64:15 Ziggurat
64:22 Ziggurat
64:27 Ziggurat
64:36 Ziggurat
64:39 Ziggurat
65:06 Ziggurat
65:14 Ziggurat
65:18 Ziggurat
65:20 Ziggurat
65:52 Spirit Tower
66:26 Nerubian Tower
66:31 Nerubian Tower
67:12 Spirit Tower
68:20 Ziggurat
68:22 Ziggurat
69:38 Spirit Tower
69:43 Ziggurat
69:45 Ziggurat
69:47 Ziggurat
69:50 Ziggurat
69:52 Ziggurat
69:56 Ziggurat
70:05 Ziggurat
70:45 Spirit Tower
85:04 Nerubian Tower
98:41 Ziggurat
98:46 Ziggurat
103:04 Ziggurat
103:17 Ziggurat
103:18 Ziggurat
103:32 Ziggurat
105:15 Crypt
106:02 Crypt
106:21 Ziggurat
106:24 Ziggurat
» items
                
                | Rod of Necromancy | 1 |  | 
| Dust of Appearance | 2 |  | 
| Orb of Corruption | 1 |  | 
| Scourge Bone Chimes | 1 |  | 
| Scroll of Resurrection | 1 |  | 
| Potion of Divinity | 5 |  | 
| Scroll of Town Portal | 3 |  | 
                14 total
  
               
              
              
tny00 (
red | 51 APM | 5608 actions | 109:19)
              
 7 Death Knight 
 3 Death Coil
 3 Unholy Aura
 1 Animate Dead
 
                » actions 
                
                | Assign group hotkey | 81 |  | 
| Basic commands | 310 |  | 
| Build / train | 127 |  | 
| ESC pressed | 3 |  | 
| Enter build submenu | 40 |  | 
| Enter hero's abilities submenu | 8 |  | 
| Remove unit from queue | 10 |  | 
| Right click | 2449 |  | 
| Select / deselect | 970 |  | 
| Select group hotkey | 1380 |  | 
| Use ability | 230 |  | 
                5608 total
 » units 
                
                | Acolyte | 12 |  | 
| Ghoul | 2 |  | 
| Crypt Fiend | 32 |  | 
| Goblin Sapper | 2 |  | 
| Obsidian Statue | 3 |  | 
| Meatwagon | 4 |  | 
| Goblin Zeppelin | 1 |  | 
| Goblin Shredder | 2 |  | 
| Frost Wyrm | 29 |  | 
                87 total
 » upgrades
                
                | Creature Attack | 3 |  | 
| Web | 1 |  | 
| Unholy Armor | 0 |  | 
| Creature Carapace | 4 |  | 
| Unholy Strength | 3 |  | 
| Freezing Breath | 1 |  | 
                12 total
 » buildings
                
                | Altar of Darkness | 1 |  | 
| Crypt | 5 |  | 
| Ziggurat | 36 |  | 
| Graveyard | 1 |  | 
| Nerubian Tower | -3 |  | 
| Tomb of Relics | 2 |  | 
| Halls of the Dead | 1 |  | 
| Slaughterhouse | 2 |  | 
| Black Citadel | 1 |  | 
| Spirit Tower | 3 |  | 
| Necropolis | 1 |  | 
| Sacrificial Pit | 1 |  | 
| Temple of the Damned | 2 |  | 
| Boneyard | 4 |  | 
                57 total
 » build order
                00:03 Altar of Darkness
00:07 Crypt
00:12 Crypt
00:19 Ziggurat
01:31 Crypt
01:53 Ziggurat
02:10 Graveyard
02:46 Nerubian Tower
05:19 Ziggurat
06:27 Tomb of Relics
06:32 Tomb of Relics
08:22 Ziggurat
09:25 Halls of the Dead
12:40 Ziggurat
12:48 Ziggurat
13:01 Slaughterhouse
17:45 Ziggurat
17:49 Ziggurat
19:26 Slaughterhouse
21:37 Black Citadel
44:55 Ziggurat
60:37 Spirit Tower
60:52 Necropolis
64:29 Sacrificial Pit
65:37 Temple of the Damned
65:38 Temple of the Damned
67:38 Boneyard
67:40 Boneyard
70:33 Boneyard
70:33 Boneyard
72:57 Crypt
73:01 Crypt
78:09 Nerubian Tower
79:07 Ziggurat
79:10 Ziggurat
79:13 Ziggurat
81:06 Ziggurat
81:07 Ziggurat
81:07 Ziggurat
81:09 Ziggurat
81:10 Ziggurat
81:12 Ziggurat
81:13 Ziggurat
81:17 Ziggurat
81:18 Ziggurat
81:20 Ziggurat
81:22 Ziggurat
81:23 Ziggurat
81:24 Ziggurat
81:26 Ziggurat
82:43 Ziggurat
82:46 Ziggurat
82:47 Ziggurat
82:49 Ziggurat
82:50 Ziggurat
82:51 Ziggurat
82:55 Ziggurat
82:56 Ziggurat
82:57 Ziggurat
83:10 Spirit Tower
83:18 Ziggurat
83:33 Nerubian Tower
85:43 Nerubian Tower
86:15 Spirit Tower
» items
                
                | Rod of Necromancy | 1 |  | 
| Scroll of Town Portal | 2 |  | 
| Scroll of Healing | 1 |  | 
| Orb of Corruption | 1 |  | 
| Scroll of Resurrection | 1 |  | 
| Potion of Mana | 2 |  | 
                8 total
  
                Chat log
          
(35:15 / All) densho: waste ur life more
(45:54 / All) densho: zzz
(47:19 / All) TIMG4STRok: lmfao thanks for the win shit bits new it would be easy.,.... fuckin larmo at fat little scardey bitches
(47:28 / All) 8lllllD: wat
(47:29 / All) 8lllllD: ?
(47:31 / All) TIMG4STRok: i new @ game start, noob shit name = ez win
(47:33 / All) TIMG4STRok: thanks rofl
(47:33 / All) baserleam: english plz
(47:38 / All) TIMG4STRok: i dont even make unit or tower
(47:39 / All) 8lllllD: holy shit what the hell are u saying
(47:41 / All) TIMG4STRok: im unstoppable
(47:43 / All) TIMG4STRok: u never beat me
(47:45 / All) baserleam: noobshit name LOL
(47:46 / All) tny00: yo you're gay stfu.
(47:52 / All) TIMG4STRok: indefensable           dats me
(48:00 / All) tny00: faggot. thats you
(48:05 / All) baserleam: LOL
(48:07 / All) TIMG4STRok: pussy 2 afeared to strike at me
(48:16 / All) tny00: pussy to afraid to strike at me.
(48:20 / All) baserleam: kid we took down ur shit ROFLmao
(48:20 / All) TIMG4STRok: i dance in your base
(48:22 / All) tny00: yea thats what i thought stfu
(48:23 / All) densho: whos the pussy that massed defense?
(48:25 / All) TIMG4STRok: attack then dance attack then dance
(48:26 / All) densho: so whos the pussy
(48:28 / All) TIMG4STRok: watch
(48:29 / All) TIMG4STRok: pinjk base
(48:35 / All) iggy_the_fisk: Kapow
(48:44 / All) TIMG4STRok: rolf so xscared
(49:02 / All) TIMG4STRok: lawlies 
(49:06 / All) 8lllllD: BYE
(49:08 / All) tny00: WHAT HAPPEN
(49:09 / All) tny00: ROFL
(49:11 / All) TIMG4STRok: U cannot Toutch me.
(49:14 / All) 8lllllD: come out
(49:17 / All) 8lllllD: then i'll touch u in ur balls
(49:20 / All) TALONSAREIMBA: Lmao
(49:23 / All) TIMG4STRok: u gay son
(49:23 / All) TIMG4STRok: ?
(49:25 / All) 8lllllD: fo sho
(49:35 / All) TIMG4STRok: pinkey watch this
(49:37 / All) 8lllllD: mad?
(49:39 / All) TIMG4STRok: LOL
(49:40 / All) 8lllllD: QQ
(49:40 / All) 8lllllD: QQ
(49:41 / All) 8lllllD: QQ
(49:46 / All) TIMG4STRok: Lolfs
(49:50 / All) 8lllllD: come play
(49:52 / All) TIMG4STRok: fly at me LOL
(49:53 / All) baserleam: awww
(49:53 / All) TIMG4STRok: FLY
(49:54 / All) TIMG4STRok: FLY
(49:55 / All) TIMG4STRok: LOL
(49:56 / All) TIMG4STRok: PUSSY
(50:04 / All) baserleam: LOL UR A PUSSY RUN MORE
(50:09 / All) densho: RUNMORE LMAO
(50:42 / All) TIMG4STRok: pink-o
(50:48 / All) baserleam: PINKOOOOOOOO
(50:58 / All) TIMG4STRok: wAtch lol
(51:12 / All) TIMG4STRok: so scared to Defense?
(51:16 / All) TIMG4STRok: stupid americans
(51:19 / All) baserleam: SO SCARED TO DEFENSE LOL
(51:20 / All) baserleam: loLLLLLLLL
(51:21 / All) TIMG4STRok: go eat fat cheese burger
(51:22 / All) baserleam: LEARN ENGLISH
(51:26 / All) baserleam: AHHAHAHAHHAHAHA
(51:27 / All) baserleam: AHAHAHHA
(51:28 / All) 8lllllD: BITCH
(51:29 / All) densho: HAHAHAHAH
(51:31 / All) tny00: LMFAO HAHHAAHHAAHHAAHAH
(51:33 / All) tny00: HAAHAHAHAHAHAHAHA
(51:33 / All) baserleam: go eat fat cheese burger
(51:34 / All) tny00: AHAHAHAHHAAHAHAH
(51:35 / All) baserleam: HAAHHA
(51:39 / All) baserleam: LEARN ENGLISH U DIRTY KID
(51:40 / All) tny00: GO EAT FAT CHEESE BURGER FAT BOY
(51:49 / All) baserleam: fat european i bet
(52:08 / All) baserleam: JUST TO TELL U
(52:12 / All) baserleam: UR PLAYING AN AMERICAN GAME
(52:14 / All) baserleam: LOL
(52:17 / All) baserleam: plz uninstall
(52:20 / All) baserleam: Yes?
(52:28 / All) TIMG4STRok: War Craft is korea
(52:29 / All) iggy_the_fisk: if it's american why are you getting owned by team peru lolfs
(52:37 / All) TIMG4STRok: u playing chinky game LOL
(52:38 / All) baserleam: OH ITS MADE BYH KOREA?!?
(52:40 / All) baserleam: REALLY?
(52:45 / All) tny00: stfu peru sucks
(52:51 / Allies) TIMG4STRok: I DONT MEAN IT TALONS - me
(52:55 / All) baserleam: I THOUGHT BLIZZARD WAS AMERICAN CORPORATION
(52:58 / All) baserleam: I THINK IM WRONG
(53:03 / All) baserleam: stupid european
(53:10 / All) TIMG4STRok: team peru es vås numeros 1
(53:17 / All) baserleam: they got owned
(53:19 / All) tny00: nah team korea es vas numeros 1
(53:35 / All) TIMG4STRok: stfuciando
(54:14 / Allies) TALONSAREIMBA: yo..
(54:17 / Allies) TALONSAREIMBA: top of the map
(54:20 / Allies) TALONSAREIMBA: looks like asia and europe
(54:23 / Allies) TALONSAREIMBA: or am I high
(55:05 / All) 8lllllD: i got so much onion rings
(55:11 / All) baserleam: FAT AMERICAN
(55:15 / All) baserleam: OMG
(55:17 / All) baserleam: FAT AMERICAN
(58:39 / All) TALONSAREIMBA: man i just made a map of da world
(59:05 / Allies) TALONSAREIMBA: wowowowow
(59:09 / Allies) TALONSAREIMBA: dats alot of wyrms
(59:24 / All) TALONSAREIMBA: hey guys
(59:27 / All) TALONSAREIMBA: dont kill the world
(59:29 / All) TALONSAREIMBA: please
(60:23 / Allies) TALONSAREIMBA: lol
(60:27 / Allies) TALONSAREIMBA: notice how they dont go 3-3
(60:28 / Allies) TALONSAREIMBA: upgrades
(61:37 / Allies) TIMG4STRok: evacing to mid
(61:48 / Allies) TIMG4STRok: upg
(63:35 / All) TALONSAREIMBA: dats alot fof frost wyrms
(65:48 / Allies) TALONSAREIMBA: im gonna connect our blights
(65:49 / Allies) TALONSAREIMBA: lol
(66:55 / All) TALONSAREIMBA: sup
(66:57 / All) TALONSAREIMBA: ur part of us now
(72:31 / All) TALONSAREIMBA: why dude
(72:32 / All) TALONSAREIMBA: why
(72:36 / All) TALONSAREIMBA: thats the world
(73:56 / All) tny00: U GUY SGONNA WIN ?\
(74:15 / All) TALONSAREIMBA: naw
(74:23 / All) densho: u guys prolyl will win
(74:40 / All) iggy_the_fisk: we tried our best...
(74:46 / All) TALONSAREIMBA: u guys are pros
(74:47 / All) TALONSAREIMBA: dam
(74:59 / All) densho: who said were gonan win?
(75:12 / All) baserleam: the guy that thoughtg we were american
(75:14 / All) baserleam: ROFLMAO
(80:53 / Allies) TALONSAREIMBA: NOE TPS
(80:54 / Allies) TALONSAREIMBA: NOE
(87:00 / All) iggy_the_fisk: nope
(87:07 / Allies) TALONSAREIMBA: WOW
(87:13 / Allies) TALONSAREIMBA: they block out the sun
(87:16 / Allies) TALONSAREIMBA: jesus
(89:25 / Allies) TALONSAREIMBA: u
(89:28 / All) TALONSAREIMBA: u guys are wild
(89:35 / All) TIMG4STRok: u got what i neeeed
(89:46 / All) TIMG4STRok: and you say hes just a friend..........
(89:49 / All) TALONSAREIMBA: can we stop clicking our liches?
(89:50 / All) densho: ?
(89:56 / All) TALONSAREIMBA: ill promise to not click your lich
(89:58 / All) TIMG4STRok: oh baby youuuu
(91:47 / All) iggy_the_fisk: nope
(94:19 / Allies) iggy_the_fisk: tomb of relics
(94:22 / Allies) iggy_the_fisk: unsummon them
(94:26 / Allies) iggy_the_fisk: give iggy_the_fisk excess lumber
(94:29 / Allies) iggy_the_fisk: using f11
(96:31 / Allies) TALONSAREIMBA: they dont 
(96:33 / Allies) TALONSAREIMBA: like to attack
(96:34 / Allies) TALONSAREIMBA: gargs
(97:15 / All) baserleam: are u new?
(97:18 / All) baserleam: ROFL YELOW
(97:19 / All) TIMG4STRok: ?
(97:22 / All) TALONSAREIMBA: are u new - guys whos losing
(97:25 / All) TIMG4STRok: makes me immune to wyrms and hits air retard
(97:25 / All) baserleam: whirlwind at nothing
(97:36 / All) baserleam: excuses thats why u chased them
(100:00 / All) densho: GFDSGDSGFDSGDSGDSGD
(100:01 / All) densho: DSF
(101:24 / All) TALONSAREIMBA: nice micro guys
(102:03 / Allies) iggy_the_fisk: more lumber is required
(106:11 / All) TALONSAREIMBA: good micro guys
(109:25 / All) iggy_the_fisk: nice use of time guys
(109:27 / All) iggy_the_fisk: Impressive
(109:29 / All) Mata.: gg noobs!
(109:38 / All) Mata.: you are bad at war craft 3
(109:52 / All) densho: hahahah pussies